 Dungeon Crawl Stone Soup version 0.30-a0-29-g142975f185 (webtiles) character file.

Game seed: 457704096547951419

4 melkoren the Sneak (level 1, 0/13 HPs)
             Began as a Vampire Enchanter on Aug 26, 2022.
             Slain by a ball python (3 damage)
             ... on level 1 of the Dungeon.
             The game lasted 00:00:42 (88 turns).

melkoren the Sneak (Vampire Enchanter)                Turns: 88, Time: 00:00:43

Health: 0/13       AC:  2    Str:  7    XL:     1   Next: 50%
Magic:  3/3        EV:  9    Int: 17    God:
Gold:   0          SH:  0    Dex: 14    Spells: 4/4 levels left

rFire   . . .      SeeInvis +    a - +1 dagger
rCold   . . .      Faith    .    (no shield)
rNeg    . . .      Spirit   .    b - +0 robe
rPois   .          Reflect  .    (no helmet)
rElec   .          Harm     .    (no cloak)
rCorr   .          Rampage  .    (no gloves)
Will    .....                    (no boots)
Stlth   +++.......               (no amulet)
HPRegen 0.24/turn                (no ring)
MPRegen 0.08/turn                (no ring)

@: healing quickly, constricted, invisible
A: alive, fangs 3, see invisible, vampiric 1
a: Exsanguinate


You were on level 1 of the Dungeon.
You visited 1 branch of the dungeon, and saw 1 of its levels.


Innate Abilities, Weirdness & Mutations

Your natural rate of healing is accelerated.
You have razor-sharp teeth.
You have supernaturally acute eyesight. (SInv)
You are afflicted with vampirism.


   Skills:
 + Level 1.3 Short Blades
 + Level 2.3 Dodging
 + Level 4.5 Stealth
 - Level 2.0 Spellcasting
 + Level 4.5 Hexes


You had 4 spell levels left.
You didn't know any spells.
Your spell library contained the following spells:

 Spells                   Type           Power      Damage    Failure   Level
 Confusing Touch          Hex            17%        N/A       9%          3
 Tukima's Dance           Hex            17%        N/A       9%          3
 Ensorcelled Hibernation  Hex/Ice        18%        N/A       12%         2
 Dazzling Flash           Conj/Hex       18%        N/A       22%         3

Inventory:

Hand Weapons
 a - a +1 dagger (weapon)
Armour
 b - a +0 robe (worn)
Scrolls
 d - a scroll of fear {unknown}
Potions
 c - a potion of invisibility

Dungeon Overview and Level Annotations

Branches:
Dungeon (1/15) Zot: 5912

Altars:

###########
#..@Sg.....
#.#########
######.#######
#............######
#.####............#
#.#####.####)# #.#
#.# #.#####.# #.#
#.# #.......# #.#
#.####.#######


You could see a goblin (unable to see you) and a ball python (unable to see
you).


Message History

🤖 Initializing magus.rc ...
Options error: Bad monster_list_colour key: strict_neutral (~/.crawlrc:5438) Bad channel name for runrest: 'pray:' ✅ Successfully initialized magus.rc [v1.11.3] Welcome, melkoren the Vampire Enchanter.
Everyone else who sought the Orb of Zot has failed.
Will you be different?
Press ? for a list of commands and other information.
Found a scroll labelled TOKONK DEMEDIS and four human skeletons.
Found a staircase leading out of the dungeon.
d - a scroll labelled TOKONK DEMEDIS
Found a stone staircase leading down.
A ball python comes into view.
An endoplasm comes into view.
The helpless ball python fails to defend itself.
You puncture the ball python!
You kill the ball python!
The helpless endoplasm fails to defend itself.
You impale the endoplasm!!
You kill the endoplasm!
A rat comes into view.
The helpless rat fails to defend itself.
You impale the rat!!
You kill the rat!
A goblin comes into view. It is wielding a +0 dagger.
The goblin shouts!
The goblin hits you with a +0 dagger. 😕 HP[-2]
You take 2 damage, and now have 11/13 hp.
You closely miss the goblin. Your bite misses the goblin.
The goblin misses you.
You hit the goblin.
The goblin hits you with a +0 dagger. 😮 HP[-2]
You take 2 damage, and now have 9/13 hp.
You hit the goblin.
You kill the goblin! 😕 HP[+1]
You see here a +0 dagger.
A ball python comes into view. 😎 HP[+3]
Your hp is fully restored (13).
A ball python is nearby!
A goblin comes into view. It is wielding a +0 dagger.
The goblin shouts!
The ball python hisses angrily.
You barely miss the ball python. The ball python bites you.
The ball python closely misses you. 😕 HP[-2]
You take 2 damage, and now have 11/13 hp.
You closely miss the ball python. The ball python misses you.
The ball python grabs you.
The ball python constricts you. 😕 HP[-1]
You take 1 damage, and now have 10/13 hp.
You closely miss the ball python. Your bite misses the ball python.
The ball python barely misses you.
The ball python constricts you. 😮 HP[-1]
You take 1 damage, and now have 9/13 hp.
You barely miss the ball python. The ball python bites you.
The ball python constricts you. 😮 HP[-2]
You take 2 damage, and now have 7/13 hp.
You closely miss the ball python. The ball python bites you.
* * * LOW HITPOINT WARNING * * *
The ball python constricts you.
* * * LOW HITPOINT WARNING * * *
😨 HP[-2]
You take 2 damage, and now have 5/13 hp.
Unknown command.
You hit the ball python.
You bite the ball python, but do no damage.
The ball python bites you.
* * * LOW HITPOINT WARNING * * *
The ball python constricts you. 😱 HP[-2]
You take 2 damage, and now have 3/13 hp.
You barely miss the ball python. The ball python closely misses you.
The ball python constricts you.
You hit the ball python but do no damage.
You bite the ball python. The ball python bites you.
* * * LOW HITPOINT WARNING * * *
The ball python constricts you. 😱 HP[-1]
You take 1 damage, and now have 2/13 hp.
You closely miss the ball python. The ball python barely misses you.
The ball python constricts you.
Okay, then.
You fade into invisibility!
The ball python bites you.
You die...

Action                   || total
-------------------------++-------
Melee: Dagger            ||    15
       Bite              ||     2
  Use: Potion            ||     1
 Stab: Sleeping          ||     3
Dodge: Dodged            ||     6

Levels and vault maps discovered:
D:1:      giann_forest_graveyard, layout_loops_ring

Notes
Turn   | Place    | Note
-------+----------+-------------------------------------------
     0 | D:1      | melkoren the Vampire Enchanter began the quest for the Orb.
     0 | D:1      | Reached XP level 1. HP: 13/13 MP: 3/3
     0 | D:1      | magus.rc [v1.11.3]
    84 | D:1      | HP: 3/13 [ball python (3)]
    88 | D:1      | Slain by a ball python

Vanquished Creatures
  An endoplasm (D:1)
  A goblin (D:1)
  A ball python (D:1)
  A rat (D:1)
4 creatures vanquished.

Table legend:
 A = Non-vault XP
 B = Vault XP
 C = Vault XP percentage of total XP
 D = Non-vault monster count
 E = Vault monster count
 F = Vault count percentage of total count
                 A         B        C        D         E       F
            +---------+---------+-------+---------+---------+-------
      Total |       6 |       0 |   0.0 |       4 |       0 |   0.0
            +---------+---------+-------+---------+---------+-------
        D:1 |       6 |       0 |   0.0 |       4 |       0 |   0.0
            +---------+---------+-------+---------+---------+-------

Illustrated notes

Table legend:
 A = Kills in this place as a percentage of kills in entire the game.
 B = Kills by you in this place as a percentage of kills by you in the entire game.
 C = Kills by friends in this place as a percentage of kills by friends in the entire game.
 D = Other kills in this place as a percentage of other kills in the entire game.
 E = Experience gained in this place as a percentage of experience gained in the entire game.
 F = Experience gained in this place divided by the number of levels of this place that you have seen.
                   A       B       C       D       E      F
               +-------+-------+-------+-------+-------+----------------------
         Total | 100.0 | 100.0 |   N/A |   N/A | 100.0 |   6.0
       Dungeon | 100.0 | 100.0 |   N/A |   N/A | 100.0 |   6.0
               +-------+-------+-------+-------+-------+----------------------

Table legend: (Time is in decaauts)
 A = Elapsed time spent in this place.
 B = Non-inter-level travel time spent in this place.
 C = Inter-level travel time spent in this place.
 D = Time resting spent in this place.
 E = Time spent auto-exploring this place.
 F = Levels seen in this place.
 G = Mean time per level.
                   A        B        C        D        E       F      G
               +--------+--------+--------+--------+--------+-----+--------+
         Total |     86 |     86 |      0 |      0 |     52 |   1 |   86.0 |
       Dungeon |     86 |     86 |      0 |      0 |     52 |   1 |   86.0 |
               +--------+--------+--------+--------+--------+-----+--------+

Top non-repeatable levels by time:
     D:1: 86 daAuts
